 Dungeon Crawl Stone Soup version 0.20.2-3-g29329e0561 (webtiles) character file.

190 Alfie the Shield-Bearer (level 5, 0/46 HPs)
             Began as a Hill Orc Fighter on Jan 24, 2023.
             Blown up by Ijyb (10 damage)
             ... with a wand of disintegration (?/24)
             ... on level 3 of the Dungeon.
             The game lasted 00:05:15 (1379 turns).

Alfie the Shield-Bearer (Hill Orc Fighter)          Turns: 1379, Time: 00:05:16

Health: 0/46       AC:  8    Str: 20    XL:     5   Next: 69%
Magic:  5/5        EV:  7    Int:  8    God:
Gold:   109        SH:  9    Dex: 10    Spells: 4/4 levels left

rFire    . . .     SeeInvis .   a - +0 rapier
rCold    . . .     Gourm    .   c - +0 shield
rNeg     . . .     Faith    .   b - +0 scale mail
rPois    .         Spirit   .   o - +0 helmet
rElec    .         Reflect  .   (no cloak)
rCorr    .         Harm     .   (no gloves)
MR       .....                  (no boots)
Stlth    ..........             (no amulet)
Regen    0.2/turn               (no ring)
MPRegen  0.1/turn               (no ring)

@: no status effects
A: no striking features
a: no special abilities


You were on level 3 of the Dungeon.
You were not hungry.

You visited 1 branch of the dungeon, and saw 3 of its levels.

You collected 109 gold pieces.

Inventory:

Hand Weapons
 a - a +0 rapier (weapon)
Missiles
 l - 3 tomahawks of returning (quivered)
Armour
 b - a +0 scale mail (worn)
 c - a +0 shield (worn)
 o - a +0 helmet (worn)
Jewellery
 h - an uncursed ring of ice {unknown}
 i - a +4 amulet of reflection {unknown}
Scrolls
 e - 4 scrolls of identify {unknown}
 g - a scroll of fog {unknown}
 p - a scroll of immolation {unknown}
 q - 2 scrolls of noise {unknown}
Potions
 d - a potion of might
 j - a potion of curing
 n - a potion of ambrosia {unknown}
 r - a potion of lignification {unknown}
Comestibles
 f - a bread ration
 k - 3 fruits
 s - a chunk of flesh


   Skills:
 + Level 4.2 Fighting
 + Level 3.4 Short Blades
 + Level 1.0 Throwing
 + Level 4.1 Armour
 + Level 0.4 Dodging
 + Level 0.3 Stealth
 + Level 4.6 Shields


You had 4 spell levels left.
You didn't know any spells.

Dungeon Overview and Level Annotations

Branches:
Dungeon (3/15)

Altars:

Annotations:
D:3 Ijyb


Message History

The jackal bites you but does no damage.
The jackal barely misses you.
You puncture the jackal!
You kill the jackal!
You hit Ijyb.
Ijyb is lightly wounded.
Ijyb zaps a wand.
You are blasted!
* * * LOW HITPOINT WARNING * * *
You hit Ijyb but do no damage.
Ijyb is lightly wounded.
Ijyb hits you but does no damage. The worm barely misses you.
Ijyb hits you but does no damage.
You puncture Ijyb!
Ijyb is heavily wounded.
Ijyb hits you but does no damage. The worm bites you.
* * * LOW HITPOINT WARNING * * *
Unknown command.
It was a potion of cancellation.
You feel magically purged.
Ijyb zaps a wand.
You are blasted!
You die...

#......# #...#
......#†####
.....##....# ######
..####..##.#####....#
. #...r##.....#....#
#.##l######.#....# ...
#g# ###......# ...#
#@# ##...)....##
.......w.........)...#
.#...##......###.<..##
.... ..###### #...†#
... ..# ###### ## ##.#
... ...


You could see Ijyb, a worm, a leopard gecko and a quokka.

Vanquished Creatures
  Jessica (D:2)
  Natasha (twice) (D:2)
  Robin (D:2)
  An adder (D:2)
  3 oozes (D:2)
  2 worms (D:2)
  A dart slug (D:1)
  3 leopard geckos
  7 bats
  7 giant cockroaches
  7 hobgoblins
  2 jackals (D:3)
  5 kobolds
  A ball python (D:1)
  5 frilled lizards
  13 goblins
  8 rats
69 creatures vanquished.

Notes
Turn   | Place    | Note
-------+----------+-------------------------------------------
     0 | D:1      | Alfie the Hill Orc Fighter began the quest for the Orb.
     0 | D:1      | Reached XP level 1. HP: 19/19 MP: 1/1
    63 | D:1      | Reached XP level 2. HP: 21/27 MP: 2/2
   335 | D:1      | Reached XP level 3. HP: 27/33 MP: 3/3
   750 | D:2      | Noticed Jessica
   755 | D:2      | Killed Jessica
   755 | D:2      | Reached XP level 4. HP: 27/40 MP: 4/4
   775 | D:2      | Noticed Natasha
   793 | D:2      | Killed Natasha
   858 | D:2      | Reached XP level 5. HP: 19/46 MP: 5/5
   864 | D:2      | Noticed Robin
   895 | D:2      | Reached skill level 1 in Throwing
   906 | D:2      | Killed Robin
  1156 | D:2      | Noticed Natasha
  1166 | D:2      | Killed Natasha
  1353 | D:3      | Noticed Ijyb
  1379 | D:3      | Blown up by Ijyb

Skill      XL: |  1  2  3  4  5 |
---------------+----------------+-----
Fighting       | 4 |  4.2
Armour         | 4 |  4.1
Shields        | 4 |  4.6
Short Blades   | 3 |  3.4
Throwing       | 1 |  1.0
Dodging        | |  0.4
Stealth        | |  0.3

Action                   |  1- 3 |  4- 6 || total
-------------------------+-------+-------++-------
Melee: Rapier            |   110 |   163 ||   273
Throw: Tomahawk          |     8 |    11 ||    19
  Use: Potion            |       |     2 ||     2
  Eat: Fruit             |       |     1 ||     1
       Chunk             |       |     1 ||     1
Armor: Scale mail        |    59 |    62 ||   121
Dodge: Dodged            |    40 |    45 ||    85
Block: Shield            |    64 |    80 ||   144
